 Dungeon Crawl Stone Soup version 0.19-a0-1097-g38e3b35 (webtiles) character file.

6143 4thArraOfDagon the Grappler (level 10, 0/112 HPs)
             Began as a Troll Arcane Marksman on Aug 8, 2016.
             Was an Elder of Cheibriados.
             Killed from afar by Erolcha (22 damage)
             ... with an orb of energy
             ... on level 10 of the Dungeon.
             The game lasted 00:16:18 (2741 turns).

4thArraOfDagon the Grappler (Troll Arcane Marksman) Turns: 2741, Time: 00:16:19

Health: 0/112      AC: 25    Str: 28    XL:     10   Next: 59%
Magic:  12/12      EV:  1    Int: 19    God:    Cheibriados [****..]
Gold:   116        SH: 11    Dex: 18    Spells: 2 memorised, 7 levels left

rFire  . . .     SeeInvis .       - Unarmed
rCold  . . .     Gourm    +     (armour currently unavailable)
rNeg   + + +     Faith    .     y - +0 shield
rPois  +         Spirit   .     (helmet currently unavailable)
rElec  .         Dismiss  .     (cloak currently unavailable)
rCorr  .         Reflect  .     (gloves unavailable)
SustAt .         Harm     .     (boots unavailable)
MR     +....     NoTele   +     (no amulet)
Stlth  ++........               u - ring of wizardry
                                k - -2 ring of intelligence

@: tree-form, very slow
A: unfitting armour, (claws 0), fast metabolism 3, frail 2, gourmand, magic
resistance 1, regeneration 2, screaming 1, (shaggy fur 0), (tough skin 0), weak
1
a: Bend Time, Temporal Distortion, Slouch, Renounce Religion


You were on level 10 of the Dungeon.
You worshipped Cheibriados.
Cheibriados was greatly pleased with you.
You were completely stuffed.
You were a tree.
You visited 1 branch of the dungeon, and saw 10 of its levels.
You also visited: Ossuary.

You collected 228 gold pieces.
You spent 112 gold pieces at shops.

Inventory:

Missiles
 c - 4 large rocks
 D - a throwing net (quivered)
Armour
 a - a +0 robe (melded)
 y - a +0 shield (worn)
 C - a +0 cloak (melded)
Magical Staves
 d - an uncursed staff of cold {unknown}
Jewellery
 k - a -2 ring of intelligence (left branch)
 l - a +2 ring of strength
 t - an uncursed ring of protection from fire
 u - a ring of wizardry (right branch)
Wands
 i - a wand of acid (9/15)
Scrolls
 e - 4 scrolls of remove curse
 q - 2 scrolls of fog
 s - 2 scrolls of magic mapping {unknown}
 x - a scroll of fear {unknown}
 B - 3 scrolls of identify
 F - 2 scrolls of teleportation
Potions
 g - 2 potions of brilliance {unknown}
 h - a potion of lignification
 m - 4 potions of curing {unknown}
 o - 3 potions of flight
 p - a potion of agility {unknown}
 r - 2 potions of cure mutation {unknown}
 v - a potion of degeneration {unknown}
 w - a potion of invisibility {unknown}
 z - a potion of might
 A - 2 potions of haste
Books
 b - a book of Debilitation

   Spells                             Type                      Level
   a - Corona                         Hexes                        1
   b - Slow                           Hexes                        2
   c - Gell's Gravitas                Hexes/Translocation          3
   d - Inner Flame                    Hexes/Fire                   3
   e - Cause Fear                     Hexes                        4
   f - Leda's Liquefaction            Hexes/Earth                  4
Comestibles
 f - 8 bread rations
 j - a slice of pizza
 n - 7 beef jerkies
 E - a meat ration


   Skills:
 + Level 4.5 Fighting
 - Level 1.7 Throwing
 + Level 4.8 Dodging
 * Level 5.0 Shields
 * Level 11.2 Unarmed Combat
 - Level 1.0 Spellcasting
 - Level 2.0 Hexes
 + Level 4.7 Invocations


You had 7 spell levels left.
You knew the following spells:

 Your Spells              Type           Power        Failure   Level  Hunger
a - Corona                Hex            #......      9%          1    ##.....
b - Regeneration          Chrm/Necr      #.........   71%         3    ####...


Dungeon Overview and Level Annotations

Branches:
Dungeon (10/15)
 Temple: D:4-7         Lair: D:8-11         Orc: D:9-12

Altars:
Cheibriados
Okawaru
Uskayaw
Xom
Yredelemnul

Shops:
D:9 ?

Annotations:
D:10 Erolcha


Innate Abilities, Weirdness & Mutations

You are too large for most types of armour.
((You have claws for hands.))
Your metabolism is lightning-fast.
You like to eat raw meat.
You heal very quickly.
((You are covered in fur. (AC +1)))
((You have very tough skin. (AC +2)))
You are very frail. (-20% HP)
You are resistant to hostile enchantments. (MR+)
You occasionally shout uncontrollably at your foes.
You are weak. (Str -2)


Message History

Erolcha hits you with an enchanted giant club!!
* * * LOW HITPOINT WARNING * * *
Unknown command.
Unknown command.
You turn into a tree.
Your +0 cloak melds into your body.
Your +0 robe melds into your body.
Your roots penetrate the ground.
You block Erolcha's attack.
Unknown command.
You smack Erolcha!
Erolcha is heavily wounded.
Unknown command.
You barely miss Erolcha.
Erolcha is heavily wounded.
Erolcha drinks a potion.
Erolcha is healed!
Unknown command.
You pummel Erolcha!!
Erolcha is severely wounded.
Erolcha gestures at you while chanting. The orb of energy hits you!
You die...

....)...#.# .###......#
..........#............###.####
.....##...#...................#
..........#............####.#.#
..........#.#.###........<....#
.......##.# #.#######.#.......#
...#.####.#
#.................... ####.#
#.. #....O...#........... #.#
#####...♣.......#####.##.
#.########.####....... ..#.
#.##..................# #.#.
#.............#######.# #.#.
#......)..##.# .# #.#.
#.........##.# .# #...
#.........##.# #.# #...
#............# #.# #...
#............# #####.# #.#.


You could see Erolcha.

Vanquished Creatures
  An unseen horror (D:10)
  Pikel (D:9)
  A hill giant (D:10)
  Joseph (D:9)
  A gargoyle (D:10)
  A centaur skeleton (D:10)
  A troll (D:10)
  Sigmund (D:3)
  Grum (D:9)
  Duvessa (D:6)
  A water moccasin (D:8)
  A black bear (D:9)
  4 orc warriors
  A sky beast (D:8)
  A phantom (D:9)
  3 centaurs
  5 ogres
  3 wolves (D:9)
  5 giant frogs
  Dowan (D:6)
  A scorpion (D:5)
  3 crimson imps
  A centaur zombie (D:9)
  A quasit (D:10)
  An iron imp (D:7)
  A jelly (D:10)
  5 orc wizards
  A gnoll shaman (D:8)
  8 orc priests
  3 hounds
  Terence (D:2)
  9 worker ants
  Robin (D:4)
  6 gnolls
  6 adders
  An adder zombie (D:7)
  3 worms
  2 adder skeletons
  3 giant geckos
  31 orcs
  2 bats (D:2)
  4 giant cockroaches
  15 goblins
  3 hobgoblins
  16 jackals
  A kobold (D:3)
  2 quokkas
  3 ball pythons
  5 giant newts
  A jackal skeleton (D:5)
  A quokka skeleton (D:8)
  2 rats
178 creatures vanquished.

Vanquished Creatures (collateral kills)
  An orc wizard (D:6)
1 creature vanquished.

Vanquished Creatures (others)
  2 slaves (D:9)
2 creatures vanquished.

Grand Total: 181 creatures vanquished

Notes
Turn   | Place    | Note
-------+----------+-------------------------------------------
     0 | D:1      | 4thArraOfDagon the Troll Arcane Marksman began the quest for the Orb.
     0 | D:1      | Reached XP level 1. HP: 18/18 MP: 1/1
    20 | D:1      | Reached skill level 1 in Unarmed Combat
    52 | D:2      | Reached XP level 2. HP: 26/26 MP: 2/2
    61 | D:2      | Reached skill level 2 in Unarmed Combat
    76 | D:2      | Noticed Terence
   101 | D:2      | Killed Terence
   101 | D:2      | Reached skill level 3 in Unarmed Combat
   101 | D:2      | Reached XP level 3. HP: 24/32 MP: 3/3
   169 | D:2      | Found a basalt altar of Yredelemnul.
   307 | D:3      | Reached XP level 4. HP: 31/40 MP: 4/4
   361 | D:3      | Reached skill level 4 in Unarmed Combat
   427 | D:3      | Noticed Sigmund
   446 | D:3      | Killed Sigmund
   446 | D:3      | Reached skill level 5 in Unarmed Combat
   446 | D:3      | Reached XP level 5. HP: 34/46 MP: 5/5
   446 | D:3      | Reached XP level 6. HP: 40/54 MP: 6/6
   489 | D:5      | Entered Level 5 of the Dungeon
   492 | D:5      | Reached skill level 6 in Unarmed Combat
   518 | D:5      | Noticed a sky beast
   775 | D:6      | Found a sand-covered staircase.
   781 | D:6      | Noticed an orc warrior
   784 | Ossuary  | Entered an ossuary
   830 | Ossuary  | Noticed a wraith
   830 | Ossuary  | Noticed a flying skull
   842 | Ossuary  | Noticed a flying skull
   862 | Ossuary  | Noticed a flying skull
   911 | Ossuary  | Gained mutation: You are frail. (-10% HP) [potion of mutation]
   911 | Ossuary  | Gained mutation: You occasionally shout uncontrollably at your foes. [potion of mutation]
   911 | Ossuary  | Gained mutation: You are weak. (Str -2) [potion of mutation]
   967 | D:6      | Killed an orc warrior
   967 | D:6      | Reached skill level 7 in Unarmed Combat
   967 | D:6      | Reached XP level 7. HP: 38/54 MP: 7/7
   985 | D:6      | Gained mutation: You are very frail. (-20% HP) [potion of mutation]
   985 | D:6      | Gained mutation: You are resistant to hostile enchantments. (MR+) [potion of mutation]
   995 | D:6      | Noticed Duvessa
   995 | D:6      | Noticed Dowan
   999 | D:6      | Killed Dowan
  1008 | D:6      | Killed Duvessa
  1008 | D:6      | Reached skill level 8 in Unarmed Combat
  1106 | D:7      | Found a snail-covered altar of Cheibriados.
  1117 | D:7      | Became a worshipper of Cheibriados the Contemplative
  1181 | D:6      | HP: 1/48 [centaur (6)]
  1190 | D:6      | Reached skill level 1 in Fighting
  1221 | D:6      | Reached skill level 1 in Invocations
  1221 | D:6      | Reached XP level 8. HP: 29/56 MP: 8/8
  1246 | D:6      | Reached skill level 9 in Unarmed Combat
  1313 | D:4      | Found an iron altar of Okawaru.
  1313 | D:4      | Noticed Robin
  1323 | D:4      | Reached * piety under Cheibriados
  1347 | D:4      | Killed Robin
  1554 | D:3      | Reached ** piety under Cheibriados
  1682 | D:7      | Reached skill level 1 in Shields
  1901 | D:8      | Reached XP level 9. HP: 28/64 MP: 8/10
  1965 | D:8      | Reached *** piety under Cheibriados
  1981 | D:8      | Reached skill level 10 in Unarmed Combat
  2018 | D:8      | Found a hide-covered altar of Uskayaw.
  2091 | D:9      | Noticed Joseph
  2110 | D:9      | Killed Joseph
  2208 | D:9      | Noticed Grum
  2217 | D:9      | Noticed Pikel
  2227 | D:9      | Killed Pikel
  2273 | D:10     | Entered Level 10 of the Dungeon
  2315 | D:10     | Reached XP level 10. HP: 67/73 MP: 11/11
  2374 | D:10     | Noticed a gargoyle
  2380 | D:10     | Killed a gargoyle
  2380 | D:10     | Reached **** piety under Cheibriados
  2425 | D:9      | Found Godwic's Magic Scroll Emporium.
  2428 | D:9      | Bought a scroll of teleportation for 42 gold pieces
  2428 | D:9      | Bought a scroll of identify for 28 gold pieces
  2428 | D:9      | Bought a scroll of teleportation for 42 gold pieces
  2461 | D:9      | Killed Grum
  2472 | D:9      | Learned a level 3 spell: Regeneration
  2487 | D:9      | Found a shimmering altar of Xom.
  2553 | D:10     | Reached skill level 11 in Unarmed Combat
  2565 | D:10     | Killed an unseen horror
  2668 | D:10     | Noticed a hill giant
  2672 | D:10     | Noticed Erolcha
  2678 | D:10     | Killed a hill giant
  2678 | D:10     | Reached skill level 5 in Shields
  2741 | D:10     | Killed from afar by Erolcha

Vault maps used:
D:1:      minmay_arrival_arboretum_small, grunt_decor_one_mirror
D:2:      lemuel_crystal_altar, marbit_many_paths, uniq_terence
D:3:      uniq_sigmund
D:4:      overflow_temple_1_default, first_bread, uniq_robin
D:5:      fiery_altar_vehumet
D:6:      enter_ossuary_1, minivault_26, uniq_duvessa
D:7:      overflow_temple_1_default, slow_altar_1, grunt_ogre_cave,
          kennysheep_cross_room
D:8:      overflow_temple_1_default, small_statue_alley_b, uniq_prince_ribbit1
D:9:      grunt_temple_overflow_cloverleaf, overflow_temple_1_default,
          serial_shops, kennysheep_mini_moat, uniq_pikel, uniq_grum,
          uniq_maurice, uniq_joseph
D:10:     basic_altar, uniq_harold, uniq_erolcha
Ossuary:  ossuary_due_cavern

Skill      XL: |  1  2  3  4  5  6  7  8  9 10 |
---------------+-------------------------------+-----
Unarmed Combat | 1 3 5 7 8 9 10 11 | 11.2
Fighting       | 1 2 3 4 |  4.5
Invocations    | 1 2 3 4 |  4.7
Dodging        | 3 4 |  4.8
Shields        | 1 4 5 |  5.0
Throwing       | |  1.7
Spellcasting   | |  1.0
Hexes          | |  2.0

Action                   |  1- 3 |  4- 6 |  7- 9 | 10-12 || total
-------------------------+-------+-------+-------+-------++-------
Melee: Unarmed           |    92 |    94 |   287 |    52 ||   525
       Punch             |     2 |     1 |     4 |       ||     7
Throw: Throwing net      |       |       |     6 |     2 ||     8
       Large rock        |       |       |     1 |     2 ||     3
Invok: Slouch            |       |       |       |     1 ||     1
Evoke: Wand              |       |       |       |     1 ||     1
  Use: Scroll            |       |     8 |     1 |     2 ||    11
       Potion            |       |     1 |     5 |     2 ||     8
 Stab: Sleeping          |     1 |     1 |     1 |       ||     3
       Held in net/web   |       |       |     5 |       ||     5
       Distracted        |       |       |       |     1 ||     1
  Eat: Chunk             |     3 |     5 |    15 |     4 ||    27
Armor: Robe              |    36 |    32 |    71 |     7 ||   146
       Skin              |       |       |     3 |     4 ||     7
Dodge: Dodged            |    51 |    47 |   122 |    10 ||   230
Block: Shield            |       |       |    77 |    26 ||   103
